 Dungeon Crawl Stone Soup version 0.28.0-53-g5a82cb258f (webtiles) character file.

Game seed: 9253242634650282081

152 veles2001 the Slasher (level 5, -2/42 HPs)
             Began as a Human Cinder Acolyte on June 10, 2022.
             Was a High Priest of Ignis.
             Slain by Pikel
             ... wielding a +1 whip of freezing
              (3 damage)
             ... on level 4 of the Dungeon.
             The game lasted 00:09:46 (3048 turns).

veles2001 the Slasher (Human Cinder Acolyte)        Turns: 3048, Time: 00:09:47

Health: -2/42      AC: 10    Str: 17    XL:     5   Next: 60%
Magic:  6/6        EV:  7    Int: 14    God:    Ignis [*****.]
Gold:   113        SH:  0    Dex:  8    Spells: 6/6 levels left

rFire   + + .      SeeInvis .   f - +2 demon blade (vamp)
rCold   . . .      Faith    .   (no shield)
rNeg    . . .      Spirit   .   l - +2 chain mail {rF+}
rPois   .          Reflect  .   (no helmet)
rElec   .          Harm     .   (no cloak)
rCorr   .          Rampage  .   (no gloves)
Will    .....                   (no boots)
Stlth   ..........              (no amulet)
HPRegen 0.14/turn               (no ring)
MPRegen 0.10/turn               (no ring)

@: no status effects
A: no striking features
a: Renounce Religion, Fiery Armour, Foxfire Swarm, Rising Flame


You were on level 4 of the Dungeon.
You worshipped Ignis.
Ignis was extremely pleased with you.
You visited 1 branch of the dungeon, and saw 4 of its levels.

You collected 113 gold pieces.

Inventory:

Hand Weapons
 a - a -1 falchion of flaming
 f - a +2 vampiric demon blade (weapon)
Armour
 l - a +2 chain mail of fire resistance (worn)
Wands
 i - a wand of mindburst (9)
Scrolls
 c - a scroll of blinking
 k - a scroll of identify
Potions
 d - a potion of curing
 e - a potion of brilliance {unknown}
 g - a potion of haste {unknown}
 h - 2 potions of ambrosia {unknown}
 j - a potion of lignification {unknown}


   Skills:
 - Level 4.1 Fighting
 + Level 4.7 Long Blades
 * Level 1.2 Dodging
 - Level 0.3 Stealth
 + Level 1.0 Spellcasting
 + Level 3.1 Fire Magic


You had 6 spell levels left.
You didn't know any spells.
Your spell library contained the following spells:

 Spells                   Type           Power      Damage    Failure   Level
 Scorch                   Fire           18%        2d5       90%         2
 Summon Small Mammal      Summ           0%         N/A       99%         1
 Call Canine Familiar     Summ           0%         N/A       100%        3
 Confusing Touch          Hex            0%         N/A       100%        3
 Summon Guardian Golem    Hex/Summ       0%         N/A       100%        3
 Yara's Violent Unravell  Hex/Tmut       0%         3d3       100%        5
 Enfeeble                 Hex            0%         N/A       100%        7


Dungeon Overview and Level Annotations

Branches:
Dungeon (4/15)
 Temple: D:4-7

Altars:
Ashenzari
Ru

Annotations:
D:4 Pikel


Message History

You slash Pikel!
Pikel is moderately wounded.
You hear a shout!
Pikel hits you with a +1 whip of freezing.
Pikel freezes you.
You closely miss Pikel.
Pikel is moderately wounded.
A lemure comes into view.
Pikel hits you with a +1 whip of freezing.
Pikel freezes you.
You closely miss Pikel.
Pikel is moderately wounded.
Pikel hits you with a +1 whip of freezing!
Pikel freezes you.
You closely miss Pikel.
Pikel is moderately wounded.
Pikel hits you but does no damage.
You closely miss Pikel.
Pikel is moderately wounded.
Pikel barely misses you.
You hit Pikel.
You feel better.
Pikel is moderately wounded.
Pikel hits you with a +1 whip of freezing.
Pikel freezes you.
You closely miss Pikel.
Pikel is moderately wounded.
Pikel hits you with a +1 whip of freezing.
Pikel freezes you.
You hit Pikel.
Pikel is heavily wounded.
Pikel hits you with a +1 whip of freezing!
* * * LOW HITPOINT WARNING * * *
Pikel freezes you.
* * * LOW HITPOINT WARNING * * *
You barely miss Pikel.
Pikel is heavily wounded.
Pikel hits you with a +1 whip of freezing!
* * * LOW HITPOINT WARNING * * *
Pikel freezes you.
You die...

#.# #.# #.#
#.## #..
#.##########
#...........
#.##.######
#.##@#
#######.##K#
#.......##5#
#.########5#
#.# 55. #.#
#.# #.# #.#
#.# #.# #.#


You could see Pikel and 4 lemures.

Vanquished Creatures
  A jelly (D:4)
  Ijyb (D:3)
  Terence (D:3)
  2 adders
  A worm (D:2)
  7 ball pythons
  2 bats
  4 endoplasms
  2 giant cockroaches (D:3)
  7 hobgoblins
  9 kobolds
  2 quokkas (D:1)
  2 frilled lizards (D:3)
  4 goblins
  6 rats
51 creatures vanquished.

Vanquished Creatures (others)
  A fungus (D:2)
  3 plants (D:2)
4 creatures vanquished.

Grand Total: 55 creatures vanquished

Notes
Turn   | Place    | Note
-------+----------+-------------------------------------------
     0 | D:1      | veles2001 the Human Cinder Acolyte began the quest for the
                  | Orb.
     0 | D:1      | Reached XP level 1. HP: 18/18 MP: 2/2
   116 | D:1      | Reached XP level 2. HP: 12/24 MP: 3/3
   976 | D:1      | Reached XP level 3. HP: 25/29 MP: 4/4
  1452 | D:2      | Found a faded altar of an unknown god.
  1807 | D:2      | Reached XP level 4. HP: 21/37 MP: 5/5
  2271 | D:3      | Noticed Terence
  2277 | D:3      | Killed Terence
  2492 | D:3      | Found a broken altar of Ashenzari.
  2574 | D:3      | Noticed Ijyb
  2609 | D:3      | Killed Ijyb
  2610 | D:3      | Reached XP level 5. HP: 23/42 MP: 6/6
  2890 | D:3      | Found a sacrificial altar of Ru.
  2991 | D:4      | Reached skill level 1 in Dodging
  3033 | D:4      | Noticed a lemure
  3034 | D:4      | Noticed a lemure
  3035 | D:4      | Noticed Pikel
  3039 | D:4      | Noticed a lemure
  3041 | D:4      | Noticed a lemure
  3048 | D:4      | HP: 1/42 [Pikel/+1 whip of freezing (7)]
  3048 | D:4      | Slain by Pikel

Illustrated notes

Levels and vault maps discovered:
D:1:      dpeg_arrival_central, layout_loops_ring, minmay_misc_feat_encased
D:2:      layout_loops_ring, shapermc_ecumenical_altar_mp_urbaneastern
D:3:      layout_loops_ring, nicolae_ru_path_of_blood,
          mainiacjoe_overflow_alcove_1, uniq_terence, uniq_ijyb
D:4:      layout_basic, temple_hall, uniq_pikel

Skill      XL: |  1  2  3  4  5 |
---------------+----------------+-----
Fighting       | 4 |  4.1
Long Blades    | 4 |  4.7
Dodging        | 1 |  1.2
Stealth        | |  0.3
Spellcasting   | |  1.0
Fire Magic     | |  3.1

Action                   |  1- 3 |  4- 6 || total
-------------------------+-------+-------++-------
Melee: Falchion          |    77 |       ||    77
       Punch             |     2 |       ||     2
       Demon blade       |    13 |    62 ||    75
Invok: Fiery Armour      |     1 |     1 ||     2
       Foxfire Swarm     |       |     1 ||     1
  Use: Scroll            |     2 |     2 ||     4
       Potion            |       |     1 ||     1
Armor: Robe              |    16 |    10 ||    26
       Chain mail        |       |     4 ||     4
Dodge: Dodged            |    44 |    30 ||    74
